 Dungeon Crawl Stone Soup version 0.32-a0-705-g60f233581c (webtiles) character file.

Game seed: 14997487040531134860

939 Dynojp the Ducker (level 7, -5/71 HPs)
             Began as a Troll Fighter on Mar 13, 2024.
             Was an Initiate of Nemelex Xobeh.
             Slain by a gnoll
             ... wielding a +0 flail
             ... led by a gnoll bouda
              (8 damage)
             ... on level 5 of the Dungeon on Mar 14, 2024.
             The game lasted 00:10:04 (3277 turns).

Dynojp the Ducker (Troll Fighter)                   Turns: 3277, Time: 00:10:04

Health: -5/71      AC:  4    Str: 27    XL:     7   Next: 87%
Magic:  6/6        EV:  9    Int:  4    God:    Nemelex Xobeh [......]
Gold:   519        SH:  8    Dex:  9    Spells: 6/6 levels left

rFire   . .          .
                       - Unarmed
rCold   . . .        b - +0 kite shield
rNeg    . . .        a - +0 robe
rPois   .            (helmet restricted)
rElec   .            (no cloak)
rCorr   .            (gloves unavailable)
SInv    .            (boots unavailable)
Will    .....        (no amulet)
Stlth   +            (no ring)
HPRegen 1.11/turn    (no ring)
MPRegen 0.10/turn

%: no passive effects
@: studying Dodging
A: large, unfitting armour, claws 3, regeneration 1, shaggy fur 1, tough skin 1
a: Renounce Religion, Draw Escape, Draw Destruction, Draw Summoning


You were on level 5 of the Dungeon.
You worshipped Nemelex Xobeh.
Nemelex Xobeh was noncommittal.
You visited 2 branches of the dungeon, and saw 6 of its levels.

You collected 519 gold pieces.

Inventory:

Armour
 a - a +0 robe (worn)
 b - a +0 kite shield (worn)
 l - the +6 chain mail of the Old and Reckless {Rampage MP+9}
   (You found it on level 4 of the Dungeon)

   MP+9:      It affects your magic capacity (+9).
   Rampage:   It bestows one free step when moving towards enemies.
Talismans
 g - a talisman of death
Wands
 i - a wand of paralysis (5)
 k - a wand of flame (21)
Scrolls
 h - 4 scrolls of immolation
 j - 3 scrolls of identify {unknown}
 m - a scroll of noise
Potions
 c - a potion of might
 d - 4 potions of curing {unknown}
 e - a potion of mutation {unknown}
 f - 3 potions of brilliance {unknown}


   Skills:
 + Level 4.4 Fighting
 + Level 5.6 Dodging
 + Level 4.9 Shields
 + Level 4.8 Unarmed Combat


You had 6 spell levels left.
You didn't know any spells.
Your spell library contained the following spells:

 Spells                   Type           Power      Damage    Failure   Level
 Ensorcelled Hibernation  Hex/Ice        0%         N/A       86%         2
 Passwall                 Erth           0%         N/A       97%         3
 Swiftness                Air            0%         N/A       97%         3
 Animate Dead             Necr           0%         N/A       100%        4
 Borgnjor's Vile Clutch   Necr/Erth      0%         N/A       100%        5
 Death Channel            Necr           0%         N/A       100%        6


Dungeon Overview and Level Annotations

Branches:
Dungeon (5/15)             Temple (1/1) D:4

Altars:
Ashenzari
Dithmenos
Fedhas
Makhleb
Nemelex Xobeh
Okawaru
Qazlal
Ru
Trog
Uskayaw
Yredelemnul

Shops:
D:3 :


Innate Abilities, Weirdness & Mutations

You are too large for most types of armour.
You have claws for hands.
Your natural rate of healing is unusually fast.
You are covered in fur. (AC +1)
You have tough skin. (AC +1)


Message History

You hear a shout! x2; You hear a bark!
You hear a shout!
You hear an angry hiss.
Found an escape hatch in the ceiling.
The gnoll bouda shouts!
The gnoll bouda barks out a call to the hunt!
You hear a shout!
You hear a bark!
The gnoll throws a throwing net.
The throwing net hits you.
You become entangled in the net!
You see here a throwing net.
You tear a large gash into the net.
You struggle against the net.
You rip the net and break free!
You scratch the gnoll bouda but do no damage.
The gnoll bouda hits you with a +0 whip.
You closely miss the gnoll bouda.
The gnoll bouda hits you with a +0 whip!
The gnoll hits you from afar with a +0 halberd.
You barely miss the gnoll bouda.
The gnoll bouda hits you with a +0 whip!
The gnoll closely misses you. The gnoll hits you with a +0 club.
Uskayaw booms out: Time for someone else to take a solo!
You suddenly lose the ability to move!
The gnoll hits you from afar with a +2 spear of freezing.
The gnoll freezes you.
The gnoll bouda hits you with a +0 whip.
The gnoll hits you from afar with a +0 halberd!
* * * LOW HITPOINT WARNING * * *
You can move again.
Okay, then.
You claw the gnoll bouda!
The gnoll bouda is heavily wounded.
The gnoll hits you from afar with a +2 spear of freezing!
* * * LOW HITPOINT WARNING * * *
The gnoll freezes you.
* * * LOW HITPOINT WARNING * * *
The gnoll barely misses you. You block the gnoll bouda's attack.
The gnoll hits you from afar with a +0 halberd.
* * * LOW HITPOINT WARNING * * *
The gnoll hits you with a +0 flail!
You die...
Your body disappears without a glow.

##########
#######..<.....#
........####..##
############.##
#......# #.######
##.# # #..######
#####.#@g.....#.
.......gg.......#
#####gg.....<.###
#..#......#
#........###
#.#.....##
#......##
....##.# ....# ?#


You could see a gnoll bouda and 4 gnolls.

Vanquished Creatures
  An ogre (D:4)
  A centaur (D:4)
  2 phantoms (D:4)
  2 scorpions (D:4)
  A jelly (D:4)
  3 bombardier beetles (D:4)
  2 hounds (D:4)
  An orc priest (D:4)
  2 iguanas
  5 orc wizards (D:4)
  3 adders (D:4)
  A dart slug (D:1)
  A ribbon worm (D:3)
  7 orcs (D:4)
  3 bats (D:1)
  7 endoplasms
  5 giant cockroaches
  12 goblins
  11 hobgoblins
  A jackal (D:4)
  6 kobolds
  A quokka (D:2)
  3 ball pythons
  3 frilled lizards (D:1)
  3 rats
87 creatures vanquished.

Notes
Turn   | Place    | Note
-------+----------+-------------------------------------------
     0 | D:1      | Dynojp the Troll Fighter began the quest for the Orb.
     0 | D:1      | Reached XP level 1. HP: 22/22 MP: 0/0
    67 | D:1      | Reached XP level 2. HP: 29/29 MP: 1/1
   916 | D:1      | Upgraded the game from 0.32-a0-699-g1ee5eff69a to
                  | 0.32-a0-705-g60f233581c
  1174 | D:2      | Reached XP level 3. HP: 27/36 MP: 2/2
  1189 | D:2      | You fall into a shaft and drop 1 floor!
  1310 | D:3      | Found Iheel's Book Shoppe.
  1545 | D:3      | Reached XP level 4. HP: 44/44 MP: 3/3
  1609 | D:3      | Found a faded altar of an unknown god.
  1669 | D:3      | Prayed at the altar of an unknown god.
  1669 | D:3      | Became a worshipper of Uskayaw the Reveller
  1669 | D:3      | Reached * piety under Uskayaw
  1696 | D:3      | Identified a scroll of acquirement
  1696 | D:3      | Acquired a manual of Dodging
  2044 | D:4      | Noticed a scorpion
  2049 | D:4      | Reached ** piety under Uskayaw
  2050 | D:4      | Killed a scorpion
  2051 | D:4      | Reached skill level 3 in Dodging
  2051 | D:4      | Reached *** piety under Uskayaw
  2052 | D:4      | Reached XP level 5. HP: 41/53 MP: 4/4
  2153 | D:4      | Noticed a phantom
  2162 | D:4      | Killed a phantom
  2165 | D:4      | Reached **** piety under Uskayaw
  2195 | D:4      | Reached skill level 4 in Dodging
  2195 | D:4      | Reached XP level 6. HP: 45/61 MP: 5/5
  2348 | D:4      | Reached XP level 7. HP: 28/68 MP: 6/6
  2582 | D:4      | Identified the +6 chain mail of the Old and Reckless
                  | {Rampage MP+9}
  2658 | D:4      | Reached skill level 5 in Dodging
  2763 | D:4      | Found a broken altar of Ashenzari.
  2830 | D:4      | Found a burning altar of Makhleb.
  2891 | D:4      | Found an iron altar of Okawaru.
  2959 | D:4      | Found a staircase to the Ecumenical Temple.
  2968 | Temple   | Entered the Ecumenical Temple
  3051 | Temple   | Fell from the grace of Uskayaw
  3051 | Temple   | Became a worshipper of Nemelex Xobeh the Trickster
  3144 | D:5      | Entered Level 5 of the Dungeon
  3275 | D:5      | Paralysed by the fury of Uskayaw for 2 turns
  3277 | D:5      | HP: 3/71 [gnoll/+0 halberd[a gnoll bouda] (3)]
  3277 | D:5      | Slain by a gnoll

Illustrated notes

Levels and vault maps discovered:
D:1:      matt_arrival_los_fun, layout_loops_corners, kennysheep_pointless_box,
          nicolae_kite_square_tiling_tiny
D:2:      layout_rooms, serial_shops, nicolae_shop_tiny_real_fake_doors,
          nicolae_houndstooth_variations, uniq_robin
D:3:      layout_basic, hellmonk_ecumenical_altar_blasted, serial_shops, shop,
          minmay_crystal_room
D:4:      minmay_polygon_palace, layout_rooms,
          mainiacjoe_overflow_six_doors_small, nicolae_overflow_crystal_walls,
          kennysheep_okawaru_gauntlet, lemuel_temple_firewalk_a, fountainhead,
          chequers_serial_rivers_small_a, st_stairs_8, minmay_increasing_density
D:5:      layout_rooms, eino_tiny_chamber, serial_bayou_lagoon_a,
          uniq_crazy_yiuf_cottage
Temple:   hellmonk_temple_forest_ring

Skill      XL: |  1  2  3  4  5  6  7 |
---------------+----------------------+-----
Shields        | 3 4 |  4.9
Fighting       | 3 4 |  4.4
Dodging        | 3 4 5 |  5.6
Unarmed Combat | 3 4 |  4.8

Action                     |  1- 3 |  4- 6 |  7- 9 || total
---------------------------+-------+-------+-------++-------
  Melee: Unarmed           |    99 |    80 |   112 ||   291
 Invoke: Stomp             |       |       |     2 ||     2
    Use: Scroll            |     2 |     4 |       ||     6
   Stab: Paralysed         |       |     2 |     1 ||     3
 Armour: Robe              |    53 |    69 |    81 ||   203
  Dodge: Dodged            |    23 |    45 |    43 ||   111
  Block: Kite shield       |    35 |    50 |    40 ||   125
         Form:             |       |     1 |       ||     1
         Death             |       |     1 |       ||     1

Table legend: (Time is in decaauts)
 A = Elapsed time spent in this place.
 B = Non-inter-level travel time spent in this place.
 C = Inter-level travel time spent in this place.
 D = Time resting spent in this place.
 E = Time spent auto-exploring this place.
 F = Levels seen in this place.
 G = Mean time per level.
                   A        B        C        D        E       F      G
               +--------+--------+--------+--------+--------+-----+--------+
         Total |   3289 |   3123 |    166 |    299 |   1767 |   6 |  548.2 |
       Dungeon |   3181 |   3023 |    158 |    299 |   1767 |   5 |  636.2 |
        Temple |    107 |     99 |      8 |      0 |      0 |   1 |  107.0 |
               +--------+--------+--------+--------+--------+-----+--------+

Top non-repeatable levels by time:
     D:1: 1166 daAuts
     D:4: 1092 daAuts
     D:3: 855 daAuts
  Temple: 107 daAuts
     D:5: 39 daAuts
     D:2: 27 daAuts
